 Dungeon Crawl Stone Soup version 0.29-a0-542-g075992c915 (webtiles) character file.

Game seed: 8407427297273134336

1310 Spectrina the Covert (level 8, -3/45 HPs)
             Began as a Vampire Delver on June 5, 2022.
             Was a Believer of Fedhas.
             Slain by a killer bee (6 damage)
             ... on level 7 of the Dungeon.
             The game lasted 00:16:31 (1858 turns).

Spectrina the Covert (Vampire Delver)               Turns: 1858, Time: 00:16:32

Health: -3/45      AC:  7    Str: 11    XL:     8   Next: 32%
Magic:  0/11       EV: 12    Int: 13    God:    Fedhas [**....]
Gold:   273        SH:  0    Dex: 17    Spells: 7/7 levels left

rFire   . . .      SeeInvis +   a - +1 dagger (drain)
rCold   + + .      Faith    .   (no shield)
rNeg    + + +      Spirit   +   l - +0 acid dragon scales
rPois   ∞          Reflect  .   (no helmet)
rElec   .          Harm     .   (no cloak)
rCorr   +          Rampage  .   r - +0 pair of gloves
Will    .....                   (no boots)
Stlth   +++++++...              z - amulet of guardian spirit
HPRegen 0.00/turn               (no ring)
MPRegen 0.12/turn               (no ring)

@: bloodless, inhibited regen, invisible
A: bloodless, fangs 3, see invisible, vampiric 2
a: Bat Form, Revivify, Renounce Religion, Wall of Briars


You were on level 7 of the Dungeon.
You worshipped Fedhas.
Fedhas was pleased with you.
You visited 1 branch of the dungeon, and saw 8 of its levels.

You collected 273 gold pieces.

Inventory:

Hand Weapons
 a - a +1 dagger of draining (weapon)
 e - a +0 dagger of venom
 j - a +0 short sword
 m - a +4 mace
 t - a +0 hunting sling
 w - a +0 shortbow
Missiles
 p - 74 stones
 v - 5 poisoned darts
Armour
 b - a +0 leather armour
 l - +0 acid dragon scales (worn)
 r - a +0 pair of gloves (worn)
Jewellery
 z - an amulet of guardian spirit (around neck)
Wands
 g - a wand of digging (2)
 n - a wand of flame (27) (quivered)
 A - a wand of acid (3)
Scrolls
 c - 2 scrolls of fog
 d - a scroll of magic mapping
 h - a scroll of teleportation {unknown}
 i - 2 scrolls of poison {unknown}
 k - a scroll of enchant weapon {unknown}
 o - 2 scrolls of identify {unknown}
 q - a scroll of noise {unknown}
 y - a scroll of amnesia {unknown}
Potions
 f - 2 potions of haste
 u - 2 potions of heal wounds {unknown}
 x - a potion of curing {unknown}
 B - a potion of brilliance {unknown}


   Skills:
 - Level 2.6 Fighting
 + Level 6.5 Short Blades
 + Level 2.5 Armour
 + Level 3.0 Dodging
 + Level 11.3 Stealth
 * Level 4.2 Invocations


You had 7 spell levels left.
You didn't know any spells.
Your spell library contained the following spells:

 Spells                   Type           Power      Damage    Failure   Level
 Apportation              Tloc           0%         N/A       43%         1
 Freeze                   Ice            0%         1d3       43%         1
 Magic Dart               Conj           0%         1d3       43%         1
 Necrotize                Necr           0%         1d4       43%         1
 Sting                    Tmut/Pois      0%         1d3       43%         1
 Summon Small Mammal      Summ           0%         N/A       43%         1
 Call Imp                 Summ           0%         N/A       56%         2
 Poisonous Vapours        Pois/Air       0%         N/A       56%         2
 Frozen Ramparts          Ice            0%         1d2       80%         3
 Mephitic Cloud           Conj/Pois/Air  0%         N/A       80%         3
 Hailstorm                Conj/Ice       0%         3d3       99%         4
 Olgreb's Toxic Radiance  Pois           0%         N/A       99%         4


Dungeon Overview and Level Annotations

Branches:
Dungeon (8/15)             Temple (0/1) D:4
   Lair: D:8-11

Altars:
Fedhas
Okawaru
Trog


Innate Abilities, Weirdness & Mutations

You do not regenerate when monsters are visible.
You are frail without blood (-20% HP).
You can heal yourself when you bite living creatures.
You are immune to poison.
You have razor-sharp teeth.
You have supernaturally acute eyesight. (SInv)
You are afflicted with vampirism and can become a bat while bloodless.


Message History

The killer bee misses you.
Unknown command.
You barely miss the killer bee.
Unknown command.
You barely miss the killer bee. Your bite misses the killer bee.
The killer bee misses you. The killer bee barely misses you.
Unknown command.
Okay, then.
You catch the helpless killer bee completely off-guard!
You impale the killer bee!!
You kill the killer bee!
Fedhas appreciates your contribution to the ecosystem.
An orc comes into view. It is wielding a +0 dagger.
Your Dodging skill increases to level 3!
Unknown command.
Unknown command.
You closely miss the orc.
The orc shouts!
You punch the orc.
The orc is lightly wounded.
You hear a shout! x2
The killer bee stings you!
* * * LOW HITPOINT WARNING * * *
Unknown command.
You catch the helpless orc completely off-guard!
You bite the orc, and draw its blood!
You feel better.
You impale the orc!!
You kill the orc!
Fedhas appreciates your contribution to the ecosystem.
The killer bee stings you.
* * * LOW HITPOINT WARNING * * *
Unknown command.
Unknown command.
You barely miss the killer bee. The killer bee closely misses you.
The killer bee barely misses you.
Unknown command.
You hit the killer bee. Your bite misses the killer bee.
The killer bee is lightly wounded.
The killer bee stings you.
You die...
Fedhas appreciates your contribution to the ecosystem.

#.....##.#
........#
#......#
#......# .
......# ...
#.....#
.....####y....#
.S....)@yy>...#
.....#####...##
..o ##..## .
#..## #..#
##..### #..##.##
##......# #.
.###.......###..


You could see a water moccasin (wandering, can't see you), 3 killer bees and an
orc (wandering, can't see you).

Vanquished Creatures
  2 black bears
  2 ogres
  An ice beast (D:6)
  A sky beast (D:6)
  2 centaurs
  2 bullfrogs
  A necrophage (D:4)
  2 scorpions
  A killer bee (D:7)
  A hound (D:4)
  An orc priest (D:4)
  An iguana (D:4)
  2 orc wizards
  3 adders
  A gnoll (D:4)
  2 shadow imps
  2 worms
  A dart slug (D:2)
  17 orcs
  4 bats (D:3)
  3 endoplasms (D:3)
  2 giant cockroaches
  5 goblins
  6 hobgoblins
  3 jackals (D:4)
  3 kobolds
  3 quokkas
  A ball python (D:3)
  2 rats (D:3)
77 creatures vanquished.

Notes
Turn   | Place    | Note
-------+----------+-------------------------------------------
     0 | D:5      | Spectrina the Vampire Delver began the quest for the Orb.
     0 | D:5      | Reached XP level 1. HP: 17/17 MP: 1/1
     7 | D:6      | Noticed a scorpion
    10 | D:6      | Killed a scorpion
    11 | D:6      | Reached skill level 8 in Stealth
    11 | D:6      | Reached XP level 2. HP: 18/18 MP: 2/2
    11 | D:6      | Gained mutation: You are afflicted with vampirism and can
                  | become a bat while bloodless. [Vampire growth]
    11 | D:6      | Reached XP level 3. HP: 22/22 MP: 3/3
    23 | D:5      | Noticed a scorpion
    36 | D:5      | Killed a scorpion
    37 | D:5      | Reached XP level 4. HP: 20/27 MP: 4/4
    42 | D:5      | Noticed a bullfrog
    54 | D:5      | Killed a bullfrog
    55 | D:5      | Reached skill level 9 in Stealth
    55 | D:5      | Reached XP level 5. HP: 7/31 MP: 5/5
   106 | D:5      | Noticed a black bear
   109 | D:5      | Killed a black bear
   110 | D:5      | Reached skill level 5 in Short Blades
   110 | D:5      | Reached XP level 6. HP: 17/36 MP: 6/6
   142 | D:4      | Reached skill level 10 in Stealth
   192 | D:4      | Found a blossoming altar of Fedhas.
   203 | D:4      | Became a worshipper of Fedhas Madash
   541 | D:3      | Reached skill level 1 in Invocations
   680 | D:3      | Reached * piety under Fedhas
   883 | D:3      | Found a bloodstained altar of Trog.
   938 | D:4      | Reached skill level 1 in Armour
   941 | D:4      | Found a staircase to the Ecumenical Temple.
   960 | D:4      | Reached XP level 7. HP: 29/40 MP: 8/8
  1275 | D:4      | Reached ** piety under Fedhas
  1545 | D:7      | Reached skill level 11 in Stealth
  1595 | D:6      | Reached XP level 8. HP: 45/45 MP: 10/10
  1683 | D:6      | Found an iron altar of Okawaru.
  1774 | D:8      | Noticed a two-headed ogre
  1855 | D:7      | HP: 1/45 [killer bee (6)]
  1858 | D:7      | Slain by a killer bee

Illustrated notes

Levels and vault maps discovered:
D:1:      amcnicky_arrival_wind_blow, layout_rooms,
          nicolae_ecumenical_snake_handling, solitary_fountain,
          minmay_small_reverse_x
D:2:      layout_loops_corners
D:3:      minmay_razor_zed, layout_basic, mainiacjoe_overflow_alcove_1,
          chequers_serial_rivers_micro_a, skrybe_limestone_x,
          minmay_misc_feat_cross, minmay_tree_intersection, fountainhead
D:4:      layout_cave_pools, nicolae_overflow_crystal_walls,
          minmay_temple_entry_offerings, minmay_puff
D:5:      kennysheep_windowed_halls, layout_loops_ring, amethyst_killhole,
          hangedman_abyss_or_decor_passed, uniq_grinder
D:6:      layout_rooms, mainiacjoe_overflow_tiny_flanked, general_overflow_altar
D:7:      layout_cave_pods, kennysheep_generic_room_12
D:8:      layout_gridville

Skill      XL: |  1  2  3  4  5  6  7  8 |
---------------+-------------------------+-----
Short Blades   | 3 4 5 6 |  6.5
Stealth        | 8 9 10 11 | 11.3
Invocations    | 1 3 4 |  4.2
Armour         | 1 2 |  2.5
Dodging        | 3 |  3.0
Fighting       | |  2.6

Action                   |  1- 3 |  4- 6 |  7- 9 || total
-------------------------+-------+-------+-------++-------
Melee: Short sword       |     7 |    25 |       ||    32
       Bite              |       |    17 |     8 ||    25
       Dagger            |       |   102 |    93 ||   195
       Punch             |       |     2 |     1 ||     3
       Mace              |       |       |     5 ||     5
Throw: Dart              |       |       |     1 ||     1
 Abil: Exsanguinate      |     1 |       |       ||     1
Evoke: Wand              |       |       |     5 ||     5
  Use: Potion            |       |     1 |     2 ||     3
       Scroll            |       |       |     1 ||     1
 Stab: Sleeping          |     2 |    13 |     7 ||    22
       Fleeing           |       |       |     3 ||     3
       Invisible         |       |       |     2 ||     2
       Distracted        |       |       |     1 ||     1
Armor: Acid dragon scale |       |    22 |    33 ||    55
       Leather armour    |       |     4 |       ||     4
Dodge: Dodged            |     4 |    74 |    63 ||   141

Table legend: (Time is in decaauts)
 A = Elapsed time spent in this place.
 B = Non-inter-level travel time spent in this place.
 C = Inter-level travel time spent in this place.
 D = Time resting spent in this place.
 E = Time spent auto-exploring this place.
 F = Levels seen in this place.
 G = Mean time per level.
                   A        B        C        D        E       F      G
               +--------+--------+--------+--------+--------+-----+--------+
         Total |   1801 |   1688 |    113 |      0 |      0 |   8 |  225.1 |
       Dungeon |   1801 |   1688 |    113 |      0 |      0 |   8 |  225.1 |
               +--------+--------+--------+--------+--------+-----+--------+

Top non-repeatable levels by time:
     D:3: 593 daAuts
     D:4: 521 daAuts
     D:2: 191 daAuts
     D:5: 160 daAuts
     D:6: 156 daAuts
     D:7: 142 daAuts
     D:8: 30 daAuts
     D:1: 5 daAuts
